 Dungeon Crawl Stone Soup version 0.22-a0-414-gacd343e8ff (webtiles) character file.

2324 Chiseanne the Skirmisher (level 9, -5/94 HPs)
             Began as an Ogre Wanderer on May 13, 2018.
             Slain by a two-headed ogre
             ... wielding a +0 giant club
              (24 damage)
             ... on level 8 of the Dungeon.
             The game lasted 00:22:47 (8406 turns).

Chiseanne the Skirmisher (Ogre Wanderer)            Turns: 8406, Time: 00:22:48

Health: -5/94      AC: 12    Str: 19    XL:     9   Next: 42%
Magic:  9/9        EV: 12    Int: 12    God:
Gold:   474        SH:  0    Dex: 11    Spells: 8/8 levels left

rFire    . . .     SeeInvis .   a - +5 flail (protect)
rCold    + . .     Gourm    .   (no shield)
rNeg     . . .     Faith    .   t - +2 robe {rC+}
rPois    .         Spirit   .   (helmet restricted)
rElec    .         Reflect  .   (no cloak)
rCorr    .         Harm     .   (gloves unavailable)
MR       .....                  (boots unavailable)
Stlth    +.........             (no amulet)
HPRegen  0.25/turn              (no ring)
MPRegen  0.11/turn              (no ring)

@: protection aura
A: large, unfitting armour, tough skin 1
a: no special abilities


You were on level 8 of the Dungeon.
You were not hungry.

You visited 1 branch of the dungeon, and saw 8 of its levels.

You collected 474 gold pieces.

Inventory:

Hand Weapons
 a - a +5 flail of protection (weapon)
 b - a +0 hunting sling
 g - a +1 mace of protection
 l - a +0 giant club
 w - a +0 blowgun
 E - a +1 dagger of venom
 F - a +0 dire flail
 G - a +0 club of chaos
 H - a +1 flail of crushing
Missiles
 f - 162 stones (quivered)
 h - 113 arrows
 j - 129 sling bullets
 o - 31 poisoned needles
 x - 3 silver tomahawks
 y - 43 bolts
Armour
 t - a +2 robe of cold resistance (worn)
Magical Staves
 C - an uncursed staff of fire {unknown}
Jewellery
 k - an uncursed ring of stealth {unknown}
 s - an uncursed ring of magical power {unknown}
Wands
 c - a wand of flame (21)
 n - a wand of paralysis (12)
 q - a wand of iceblast (4)
 B - a wand of random effects (4)
 D - a wand of scattershot (2)
Scrolls
 m - 5 scrolls of teleportation
 u - 2 scrolls of blinking
 A - a scroll of fog
Potions
 e - a potion of magic
 p - 2 potions of lignification
 r - 2 potions of brilliance
 v - a potion of berserk rage
 z - a potion of agility
Comestibles
 d - 13 rations
 I - 7 chunks of flesh


   Skills:
 - Level 7.7 Fighting
   Level 1.0(4.0) Axes
 * Level 5.7(5.8) Maces & Flails
 * Level 7.1 Throwing
 * Level 6.7 Dodging
   Level 1.0 Shields


You had 8 spell levels left.
You didn't know any spells.
Your spell library contained the following spells:

 Spells                   Type           Power        Failure   Level  Hunger
 Spider Form              Tmut/Pois      #.........   69%         3    ####...
 Blade Hands              Tmut           #.........   100%        5    ######.
 Ice Form                 Ice/Tmut       #.......     97%         4    #####..
 Sticks to Snakes         Tmut           #.......     45%         2    ###....
 Beastly Appendage        Tmut           #.....       32%         1    ##.....


Dungeon Overview and Level Annotations

Branches:
Dungeon (8/15)             Temple (0/1) D:6
   Lair: D:8-11

Altars:
Fedhas
Nemelex Xobeh
Qazlal
Ru
Trog
Vehumet
Xom


Innate Abilities, Weirdness & Mutations

You are too large for most types of armour.
You have tough skin. (AC +1)


Message History

The two-headed ogre is lightly wounded.
The two-headed ogre hits you with a giant club!
The two-headed ogre closely misses you.
You sock the two-headed ogre!
The two-headed ogre is moderately wounded.
You sock the two-headed ogre!
The two-headed ogre is heavily wounded.
The two-headed ogre hits you with a giant club!
The two-headed ogre hits you but does no damage.
You hit the two-headed ogre.
The two-headed ogre is heavily wounded.
The two-headed ogre hits you with a giant club!!
* * * LOW HITPOINT WARNING * * *
The two-headed ogre closely misses you.
You barely miss the two-headed ogre.
The two-headed ogre is heavily wounded.
The crimson imp hits you but does no damage.
The crimson imp lashes its tail.
The two-headed ogre hits you with a giant club!!
You die...

##............##.#.#
##......)######.#.#
#.........####....
+.........'.......#
#.........####...##
#.......## .##
##.....## ##.5.##
##@## #O# #5# ##.##
##.(.## #.....#
.O..O#.).......
..##.##..###... .
.... ##


You could see a two-headed ogre and 2 crimson imps.

Vanquished Creatures
  Sigmund (D:6)
  2 orc warriors
  2 ice beasts
  A phantom (D:3)
  2 ogres
  3 centaurs
  3 bullfrogs (D:6)
  A water moccasin skeleton (D:5)
  A howler monkey (D:6)
  2 crimson imps
  4 orc priests
  A hound (D:5)
  A jelly (D:7)
  A centaur skeleton (D:5)
  5 orc wizards
  Ijyb (D:2)
  Natasha (D:2)
  3 iguanas
  Terence (D:3)
  7 worker ants
  2 worker ant zombies
  Robin (D:2)
  10 adders
  4 oozes
  An adder zombie (D:8)
  An adder skeleton (D:5)
  5 worms
  4 dart slugs
  2 leopard geckos
  21 orcs
  5 giant cockroaches
  18 hobgoblins
  7 kobolds
  5 quokkas
  A ball python zombie (D:6)
  9 bats
  6 frilled lizards
  14 goblins
  A leopard gecko skeleton (D:6)
  5 rats
165 creatures vanquished.

Vanquished Creatures (others)
  An orc wizard (D:5)
1 creature vanquished.

Grand Total: 166 creatures vanquished

Notes
Turn   | Place    | Note
-------+----------+-------------------------------------------
     0 | D:1      | Chiseanne the Ogre Wanderer began the quest for the Orb.
     0 | D:1      | Chiseanne set off with: a +2 robe, a potion of lignification, a +0 hand axe, a ration
     0 | D:1      | Reached XP level 1. HP: 29/29 MP: 1/1
   115 | D:1      | Reached XP level 2. HP: 37/37 MP: 2/2
   421 | D:1      | Reached XP level 3. HP: 45/46 MP: 3/3
   919 | D:2      | Noticed Robin
   945 | D:2      | Killed Robin
   945 | D:2      | Reached XP level 4. HP: 55/55 MP: 4/4
  1498 | D:2      | Found a radiant altar of Vehumet.
  1788 | D:3      | Noticed Natasha
  1788 | D:3      | Noticed Ijyb
  1806 | D:2      | Killed Natasha
  1806 | D:2      | Reached XP level 5. HP: 35/62 MP: 5/5
  1977 | D:2      | Killed Ijyb
  2184 | D:3      | Found a stormy altar of Qazlal.
  2571 | D:3      | Noticed a phantom
  2657 | D:3      | Killed a phantom
  2657 | D:3      | Reached skill level 1 in Maces & Flails
  2657 | D:3      | Reached XP level 6. HP: 49/72 MP: 6/6
  3524 | D:3      | Found a shimmering altar of Xom.
  3613 | D:3      | Noticed Terence
  3622 | D:3      | Killed Terence
  3971 | D:4      | Found a bloodstained altar of Trog.
  4054 | D:4      | Reached XP level 7. HP: 72/79 MP: 7/7
  4734 | D:5      | Entered Level 5 of the Dungeon
  5223 | D:5      | Found a blossoming altar of Fedhas.
  5263 | D:5      | Found a sparkling altar of Nemelex Xobeh.
  5708 | D:5      | Reached skill level 5 in Throwing
  5708 | D:5      | Reached XP level 8. HP: 77/88 MP: 8/8
  5835 | D:5      | Reached skill level 5 in Dodging
  6086 | D:5      | Found a shimmering altar of Xom.
  6306 | D:6      | Found a staircase to the Ecumenical Temple.
  6340 | D:6      | Noticed Sigmund
  6358 | D:6      | Killed Sigmund
  6950 | D:6      | Found a sacrificial altar of Ru.
  7066 | D:6      | Reached skill level 5 in Maces & Flails
  7066 | D:6      | Reached XP level 9. HP: 76/94 MP: 9/9
  8386 | D:8      | Noticed a two-headed ogre
  8406 | D:8      | Slain by a two-headed ogre

Vault maps used:
D:1:      sevenhm_arrival_forest_fort_small_3, minmay_hedge_maze
D:2:      lemuel_coloured_pillars_altar, skrybe_limestone_x, uniq_robin
D:3:      grunt_qazlal_clouds, old_standard_altar, serial_co_window_serial,
          co_window_corner_a, co_window_of_opportunity_a, co_window_paths_a,
          co_window_of_opportunity_a, co_window_paths_a,
          co_window_unsneaky_path_b, co_window_corner_cb, co_window_broadway_a,
          co_window_unsneaky_path_d, co_window_2corner, co_window_paths_e,
          glass_columns_b, glass_columns_a, glass_columns_c,
          kennysheep_generic_room_13, uniq_terence, uniq_natasha, uniq_ijyb
D:4:      nicolae_overflow_crystal_walls, first_ration
D:5:      marbit_many_paths, kennysheep_mini, tgw_xom
D:6:      old_standard_altar, temple_fountains, uniq_sigmund
D:7:      st_stairs_2
D:8:      lemuel_mausoleum_altar_yredelemnul, old_standard_altar,
          okawaru_gym_becter, grunt_lair_entry_orc_guard_hut, serial_shops, shop

Skill      XL: |  1  2  3  4  5  6  7  8  9 |
---------------+----------------------------+-----
Dodging        | 2 3 4 6 |  6.7
Fighting       | 7 |  7.7
Throwing       | 2 3 5 6 7 |  7.1
Maces & Flails | 1 2 3 5 |  5.7
Axes           | |  1.0
Shields        | |  1.0

Action                   |  1- 3 |  4- 6 |  7- 9 || total
-------------------------+-------+-------+-------++-------
Melee: Hand axe          |    92 |   231 |       ||   323
       Mace              |       |    46 |       ||    46
       Flail             |       |    15 |   238 ||   253
 Fire: Blowgun           |       |     2 |    25 ||    27
Throw: Stone             |       |    31 |       ||    31
Evoke: Wand              |       |     1 |    22 ||    23
  Use: Scroll            |     3 |     4 |    10 ||    17
       Potion            |     1 |     2 |     3 ||     6
 Stab: Sleeping          |       |       |     3 ||     3
  Eat: Chunk             |       |    11 |    10 ||    21
       Ration            |       |       |     1 ||     1
Armor: Robe              |    25 |    91 |   100 ||   216
       Skin              |    11 |     9 |       ||    20
Dodge: Dodged            |    47 |   167 |   176 ||   390

Table legend:
 A = Spawn XP
 B = Non-spawn XP
 C = Spawn XP percentage of total XP
 D = Spawn monster count
 E = Non-spawn monster count
 F = Spawn count percentage of total count
 G = Total turns spent on level
                    A         B        C        D         E        F      G
               +---------+---------+-------+---------+---------+-------+---------
         Total |       0 |    3320 |   0.0 |       0 |     166 |   0.0 |  8406
               +---------+---------+-------+---------+---------+-------+---------
           D:1 |       0 |      45 |   0.0 |       0 |      22 |   0.0 |   755
           D:2 |       0 |     187 |   0.0 |       0 |      36 |   0.0 |  1403
           D:3 |       0 |     297 |   0.0 |       0 |      33 |   0.0 |  1604
           D:4 |       0 |     231 |   0.0 |       0 |      11 |   0.0 |  1028
           D:5 |       0 |     691 |   0.0 |       0 |      27 |   0.0 |  1379
           D:6 |       0 |    1115 |   0.0 |       0 |      20 |   0.0 |  1378
           D:7 |       0 |     470 |   0.0 |       0 |      12 |   0.0 |   780
           D:8 |       0 |     284 |   0.0 |       0 |       5 |   0.0 |    79
               +---------+---------+-------+---------+---------+-------+---------
